 Dungeon Crawl Stone Soup version 0.30-b1-2-g02819fbbbe (webtiles) character file.

Game seed: 15213126409634037970

562 GrindonB the Gusty (level 7, -9/57 HPs)
             Began as a Tengu Air Elementalist on May 27, 2023.
             Was a Follower of Makhleb.
             Killed from afar by a steam dragon (17 damage)
             ... with a ball of steam
             ... on level 6 of the Dungeon.
             The game lasted 00:32:30 (4576 turns).

GrindonB the Gusty (Tengu Air Elementalist)         Turns: 4576, Time: 00:32:31

Health: -9/57      AC: 27    Str:  7 (8)  XL:     7   Next: 32%
Magic:  13/13      EV:  2    Int: 17 (18) God:    Makhleb [*.....]
Gold:   311        SH:  0    Dex: 14      Spells: 12/13 levels left

rFire   . . .        h - +0 dagger
rCold   . . .        (no shield)
rNeg    . . .        y - melded +1 leather armour of the Pit {rElec rC+}
rPois   +            (helmet currently unavailable)
rElec   .            (cloak currently unavailable)
rCorr   .            C - melded +1 pair of gloves
SInv    .            (boots unavailable)
Will    .....        (no amulet)
Stlth   +            x - +4 ring of protection
HPRegen 0.29/turn    (no ring)
MPRegen 0.13/turn

%: no passive effects
@: tree-form, silenced
A: stationary, stasis, torment immunity, boosted hp, (beak), (talons 3), nimble
flight
a: Renounce Religion


You were on level 6 of the Dungeon.
You worshipped Makhleb.
Makhleb was aware of your devotion.
You were a tree.
You visited 1 branch of the dungeon, and saw 6 of its levels.

You collected 311 gold pieces.

Inventory:

Hand Weapons
 g - a +0 sling
 h - a +0 dagger (weapon)
 u - a +0 club
 z - a +0 dagger
Missiles
 v - 7 poisoned darts
Armour
 a - a +1 robe
 e - a +0 scale mail
 y - the +1 leather armour of the Pit (melded) {rElec rC+}
   (You found it on level 4 of the Dungeon)

   rC:        It protects you from cold.
   rElec:     It insulates you from electricity.
 C - a +1 pair of gloves (melded)
Magical Staves
 j - a staff of death
Jewellery
 x - a +4 ring of protection (left branch)
Scrolls
 i - a scroll of magic mapping {unknown}
 n - 2 scrolls of teleportation
 r - 2 scrolls of immolation {unknown}
 s - a scroll of butterflies
 t - a scroll of torment {unknown}
 A - a scroll of acquirement {unknown}
 B - a scroll of fog
Potions
 b - 2 potions of magic
 c - 2 potions of degeneration
 f - 2 potions of mutation
 k - a potion of lignification
 m - a potion of attraction {unknown}
 o - 4 potions of might
 p - 2 potions of curing {unknown}
 q - a potion of berserk rage {unknown}
 w - 2 potions of haste {unknown}


   Skills:
 + Level 1.5 Fighting
 + Level 2.7 Short Blades
 + Level 0.4 Throwing
 + Level 1.1 Armour
 + Level 3.3 Dodging
 + Level 3.5 Stealth
 + Level 0.2 Unarmed Combat
 + Level 3.5 Spellcasting
 + Level 3.7 Conjurations
 + Level 5.9 Air Magic


You had 12 spell levels left.
You knew the following spells:

 Your Spells              Type           Power      Damage    Failure   Level
a - Shock                 Conj/Air       76%        1d7       2%          1

Your spell library contained the following spells:

 Spells                   Type           Power      Damage    Failure   Level
 Static Discharge         Conj/Air       38%        2-4/arc   3%          2
 Swiftness                Air            23%        N/A       4%          3
 Airstrike                Air            11%        2d(2-18)  14%         4
 Freeze                   Ice            8%         1d3       17%         1
 Summon Small Mammal      Summ           8%         N/A       17%         1
 Ensorcelled Hibernation  Hex/Ice        4%         N/A       26%         2
 Passwall                 Tmut/Erth      1%         N/A       26%         2
 Call Canine Familiar     Summ           2%         N/A       45%         3
 Inner Flame              Hex/Fire       2%         N/A       45%         3
 Summon Guardian Golem    Hex/Summ       2%         N/A       45%         3
 Volatile Blastmotes      Fire/Tloc      4%         2d10      45%         3
 Animate Dead             Necr           2%         N/A       86%         4
 Petrify                  Tmut/Erth      2%         N/A       86%         4
 Yara's Violent Unravell  Hex/Tmut       1%         3d3       99%         5
 Enfeeble                 Hex            1%         N/A       100%        7
 Haunt                    Necr/Summ      1%         N/A       100%        7
 Infestation              Necr           1%         N/A       100%        8
 Shatter                  Erth           1%         3d5*      100%        9


Dungeon Overview and Level Annotations

Branches:
Dungeon (6/15)             Temple (0/1) D:6

Altars:
Makhleb
Xom
Zin

Shops:
D:2 ([[!   D:6 (


Innate Abilities, Weirdness & Mutations

You are a tree.
Your roots penetrate the ground, keeping you stationary.
You cannot be teleported.
You are immune to unholy pain and torment.
Your maximum health is greatly increased.
Your equipment is partially melded.
((You have a beak for a mouth.))
((You have claws for feet.))
Your magical nature lets you fly swiftly and evasively.


Message History

Press: ? - help, Q - select action, (/) - cycle Shift-Dir - straight line, f - you
Okay, then.
Aiming: Shock (safe; 3% risk of failure)
Press: ? - help, Q - select action, (/) - cycle Shift-Dir - straight line, f/p - steam dragon
Aim: a steam dragon (lightly wounded, 71% to hit)
The zap hits the steam dragon.
The steam dragon is moderately wounded.
The steam dragon breathes steam at you. The ball of steam hits you!
* * * LOW HITPOINT WARNING * * *
As you read the scroll of silence, it crumbles to dust.
A profound silence engulfs you.
You turn into a tree.
Your +1 pair of gloves melds into your body.
The +1 leather armour of the Pit {rElec rC+} melds into your body.
Your roots penetrate the ground.
You barely miss the steam dragon.
The steam dragon is moderately wounded.
You barely miss the steam dragon.
The steam dragon is moderately wounded.
The steam dragon breathes steam at you.
The ball of steam hits you but does no damage.
You closely miss the steam dragon.
The steam dragon is moderately wounded.
You are engulfed in a cloud of scalding steam.
* * * LOW HITPOINT WARNING * * *
The steam dragon bites you but does no damage.
The steam dragon claws you but does no damage.
You hit the steam dragon but do no damage.
The steam dragon is moderately wounded.
You are engulfed in a cloud of scalding steam.
The steam dragon bites you but does no damage.
The steam dragon claws you.
* * * LOW HITPOINT WARNING * * *
You hit the steam dragon.
The steam dragon is moderately wounded.
You are engulfed in a cloud of scalding steam.
The steam dragon breathes steam at you. The ball of steam hits you!
You die...

#####....#.....###...#
.........O.#.(.# #.###
#####.########.###.#
#.# #.#..## #.# #.#(#
#.# #.#.# #.# #.#§#
#.# #÷#§#
#####.########.#♣#
####
........)......#D#
####...#
##############.#.#
#.#...# # #.#.#
#.#...#.###
#.#.#####§#§.§....#
#.#..§D....§..#
#.....§....#.......
#########..........
##...######


You could see a steam dragon (unsilenced, catching breath).

Vanquished Creatures
  Sigmund (D:4)
  An ice beast (D:4)
  An ogre (D:6)
  2 iguanas
  Robin (D:3)
  5 adders
  2 worms (D:2)
  5 dart slugs
  2 orcs
  8 bats
  10 endoplasms
  A giant cockroach (D:2)
  20 goblins
  5 hobgoblins
  2 jackals (D:3)
  2 quokkas
  4 ball pythons
  3 frilled lizards
  7 kobolds
  3 rats
85 creatures vanquished.

Vanquished Creatures (others)
  2 fungi (D:2)
  2 plants (D:2)
4 creatures vanquished.

Grand Total: 89 creatures vanquished

Notes
Turn   | Place    | Note
-------+----------+-------------------------------------------
     0 | D:1      | GrindonB the Tengu Air Elementalist began the quest for the
                  | Orb.
     0 | D:1      | Reached XP level 1. HP: 10/10 MP: 4/4
   179 | D:1      | Reached XP level 2. HP: 15/15 MP: 1/6
   551 | D:1      | Reached XP level 3. HP: 10/19 MP: 5/7
  1046 | D:2      | Reached skill level 1 in Short Blades
  1059 | D:2      | Found a burning altar of Makhleb.
  1078 | D:2      | Became a worshipper of Makhleb the Destroyer
  1157 | D:2      | Found a faded altar of an unknown god.
  1165 | D:2      | Got Plato's Dissertation on Graupel
  1261 | D:2      | Found Gubi's Antique Armour Emporium.
  1307 | D:2      | Found Mumac's Antique Armour Boutique.
  1312 | D:2      | Found Huir's Distillery.
  1400 | D:2      | Reached XP level 4. HP: 24/24 MP: 6/8
  1508 | D:2      | Found Fuoroumy's Antique Weapon Shop.
  2071 | D:3      | Found a glowing silver altar of Zin.
  2109 | D:3      | Reached * piety under Makhleb
  2113 | D:3      | Reached skill level 5 in Air Magic
  2116 | D:3      | Noticed Robin
  2147 | D:3      | Found a shimmering altar of Xom.
  2160 | D:3      | Killed Robin
  2161 | D:3      | Gained mutation: Your magical nature lets you fly swiftly
                  | and evasively. [Tengu growth]
  2161 | D:3      | Reached XP level 5. HP: 18/28 MP: 0/9
  2930 | D:4      | Noticed Sigmund
  2953 | D:4      | Noticed an ice beast
  2974 | D:4      | Killed an ice beast
  2975 | D:4      | Reached XP level 6. HP: 10/33 MP: 5/11
  3079 | D:4      | Identified the +1 leather armour of the Pit {rElec rC+}
  3650 | D:4      | Killed Sigmund
  3651 | D:4      | Reached skill level 1 in Fighting
  3736 | D:5      | Entered Level 5 of the Dungeon
  3763 | D:6      | Reached XP level 7. HP: 38/38 MP: 7/13
  3863 | D:6      | Found a staircase to the Ecumenical Temple.
  3870 | D:6      | Got the Verses on the Mountains and Movement
  4173 | D:6      | Found Sytseudd's Antique Weapon Shoppe.
  4462 | D:6      | Reached skill level 1 in Armour
  4552 | D:6      | Noticed a steam dragon
  4576 | D:6      | Killed from afar by a steam dragon

Illustrated notes

Levels and vault maps discovered:
D:1:      minmay_arrival_diagonal_passages, layout_loops_corners, st_stairs_3
D:2:      layout_rooms, serial_shops, nicolae_square_shop,
          nicolae_shop_advertising_works [nicolae_subvault_shop_adworks], shop,
          shop, basic_altar, shapermc_ecumenical_altar_rom_forum,
          grunt_ministairs_15
D:3:      layout_basic, mainiacjoe_overflow_alcove_1,
          mainiacjoe_overflow_catwalk, uniq_robin
D:4:      layout_rooms, uniq_sigmund
D:5:      layout_loops_ring, nicolae_ossuary_entry_false_entrances,
          portal_sewer_entry_e, minmay_misc_feat_four_crosses,
          chequers_serial_rivers_micro_d
D:6:      minmay_polygon_palace, layout_loops_ring,
          minmay_temple_entry_offerings, serial_shops, nicolae_shop_tiny_glass

Skill      XL: |  1  2  3  4  5  6  7 |
---------------+----------------------+-----
Short Blades   | 1 2 |  2.7
Conjurations   | 2 3 |  3.7
Air Magic      | 5 |  5.9
Stealth        | 3 |  3.5
Spellcasting   | 3 |  3.5
Fighting       | 1 |  1.5
Dodging        | 3 |  3.3
Armour         | 1 |  1.1
Throwing       | |  0.4
Unarmed Combat | |  0.2

Action                     |  1- 3 |  4- 6 |  7- 9 || total
---------------------------+-------+-------+-------++-------
  Melee: Unarmed           |     2 |       |       ||     2
         Peck              |    14 |    13 |     6 ||    33
         Dagger            |    67 |    92 |    26 ||   185
         Kick              |    21 |    32 |     5 ||    58
         Punch             |     2 |       |       ||     2
  Throw: Dart              |       |     4 |       ||     4
   Cast: Shock             |    16 |    54 |    20 ||    90
    Use: Scroll            |       |     7 |     5 ||    12
         Potion            |       |     1 |     1 ||     2
   Stab: Sleeping          |     5 |     1 |       ||     6
 Armour: Robe              |    11 |     9 |       ||    20
         Leather armour    |       |     8 |     4 ||    12
         Skin              |       |       |     6 ||     6
  Dodge: Dodged            |    31 |    56 |    14 ||   101
